[Event "Titled Tuesday Blitz November 15 Early 2022"]
[White "Gjestemoen-VonHirsch, Andre"]
[Black "Godzwon, Iwo"]
[WhiteFideId "1539531"]
[BlackFideId "21802483"]
[WhiteElo "2198"]
[BlackElo "2284"]
[Result "0-1"]
[Round "06"]
[TimeControl "180+1"]
[Date "2022.11.16"]
[WhiteClock "0:00:07"]
[BlackClock "0:00:16"]

1. b3 e5 2. Bb2 Nc6 3. e3 Bd6 4. Nf3 Nf6 5. c4 O-O 6. d4 exd4 7. Nxd4 Nxd4 8. Qxd4 Re8 9. Nc3 Be5 10. Qd2 d6 11. Be2 Bg4 12. h3 Bxe2 13. Qxe2 Ne4 14. Nxe4 Bxb2 15. Qxb2 Rxe4 16. Rd1 Qg5 17. O-O Rae8 18. Rd4 Qe5 19. Rfd1 h6 20. Qa3 a6 21. Rd5 Qc3 22. R5d3 Qf6 23. Qb4 b6 24. Qa4 a5 25. Qc6 Qe7 26. Rd4 Re5 27. a3 Rc5 28. Qf3 Qe6 29. Qe2 Rb8 30. b4 Rg5 31. Kf1 axb4 32. axb4 Ra8 33. Qf3 Ra2 34. Re4 Qd7 35. Rf4 Re5 36. Kg1 Re7 37. c5 bxc5 38. bxc5 Re6 39. cxd6 Rxd6 40. Rxd6 Ra1+ 41. Kh2 Qxd6 42. g3 Qe6 43. Re4 Qd7 44. Rd4 Qe7 45. Qc6 Ra2 46. Kg2 Qxe3 47. Rd8+ Kh7 48. Qf3 Qxf3+ 49. Kxf3 Rc2 50. Rc8 Kg6 51. Ke3 Kf6 52. Kd3 Rxf2 53. Rxc7 Rf3+ 54. Ke4 Rxg3 55. Rc6+ Kg5 56. Rc7 Kg6 57. Rc6+ f6 58. Kf4 Rxh3 59. Kg4 Rh5 60. Rc7 Rg5+ 61. Kf4 h5 62. Rc2 Rg4+ 63. Kf3 Kg5 64. Rh2 f5 65. Rb2 g6 66. Rb7 h4 67. Rh7 Rg3+ 68. Kf2 Kg4 69. Rh6 g5 70. Kf1 f4 71. Kf2 f3 72. Kf1 h3 73. Kf2 Rg2+ 74. Kf1 h2 75. Rh7 Rg1+ 76. Kf2 h1=Q 77. Rh4+ Qxh4+ 0-1


[Site "https://www.chess.com"]

[Event "Titled Tuesday Blitz November 15 Early 2022"]
[White "Goltseva, Ekaterina"]
[Black "Sarkar, Justin"]
[WhiteFideId "24173770"]
[BlackFideId "2010011"]
[WhiteElo "2200"]
[BlackElo "2239"]
[Result "1-0"]
[Round "06"]
[TimeControl "180+1"]
[Date "2022.11.16"]
[WhiteClock "0:00:04"]
[BlackClock "0:00:01"]

1. d4 Nf6 2. c3 d5 3. Nf3 c5 4. g3 Qb6 5. Bg2 Nc6 6. O-O cxd4 7. cxd4 Bg4 8. Nc3 e6 9. Na4 Qa5 10. a3 Ne4 11. b4 Qb5 12. h3 Bh5 13. g4 Bg6 14. Nh4 Be7 15. Nxg6 hxg6 16. Be3 a5 17. Bxe4 dxe4 18. Nc3 Qc4 19. Nxe4 axb4 20. axb4 Rxa1 21. Qxa1 Rxh3 22. Kg2 Rh8 23. Qa8+ Nd8 24. Ng3 Qd5+ 25. f3 Bd6 26. Qa4+ Nc6 27. b5 Nd8 28. Rc1 Bxg3 29. Kxg3 e5 30. dxe5 Qxe5+ 31. Qf4 Qxf4+ 32. Bxf4 Ne6 33. Rc8+ Nd8 34. Rc7 g5 35. Bxg5 f6 36. Bf4 g5 37. Be3 Rf8 38. Bc5 Rf7 39. Rc8 Kd7 40. Rb8 Kc7 41. Ra8 Ne6 42. Be3 Rd7 43. b6+ Kc6 44. Rc8+ Kb5 45. Rb8 1-0


[Site "https://www.chess.com"]

[Event "Titled Tuesday Blitz November 15 Early 2022"]
[White "Goroshkov, Maksym"]
[Black "Bruned, Yvain"]
[WhiteFideId "14142716"]
[BlackFideId "2250292"]
[WhiteElo "2257"]
[BlackElo "2183"]
[Result "1-0"]
[Round "06"]
[TimeControl "180+1"]
[Date "2022.11.16"]
[WhiteClock "0:00:17"]
[BlackClock "0:00:10"]

1. e4 b6 2. d4 Bb7 3. Bd3 e6 4. c4 Bb4+ 5. Nc3 f5 6. d5 Bxc3+ 7. bxc3 fxe4 8. Bxe4 Nf6 9. Bg5 O-O 10. Nf3 exd5 11. Bxd5+ Bxd5 12. cxd5 Qe8+ 13. Kf1 Na6 14. Bxf6 Rxf6 15. Qd4 Nc5 16. Re1 Qg6 17. h4 Re8 18. Ne5 Qf5 19. g4 Qf4 20. Kg2 h6 21. Re3 Qxf2+ 22. Kh3 d6 23. Rh2 Qf1+ 24. Rg2 Rxe5 25. Rxe5 dxe5 26. Qxe5 Qf3+ 27. Kh2 Qf4+ 28. Qxf4 Rxf4 29. Re2 Kf7 30. g5 hxg5 31. hxg5 Rc4 32. Kg3 Rxc3+ 33. Kf4 Rd3 34. Ke5 Ke7 35. Kf5+ Kd6 36. Kg6 Rxd5 37. Re8 1-0


[Site "https://www.chess.com"]

[Event "Titled Tuesday Blitz November 15 Early 2022"]
[White "Grandelius, Nils"]
[Black "Abdusattorov, Nodirbek"]
[WhiteFideId "1710400"]
[BlackFideId "14204118"]
[WhiteElo "2617"]
[BlackElo "2665"]
[Result "0-1"]
[Round "06"]
[TimeControl "180+1"]
[Date "2022.11.15"]
[WhiteClock "0:00:15"]
[BlackClock "0:01:14"]

1. Nf3 d5 2. g3 Nc6 3. d4 Bf5 4. Bg2 Nb4 5. Na3 e6 6. O-O Nf6 7. c3 Nc6 8. Qb3 Rb8 9. c4 Be7 10. cxd5 exd5 11. Nb5 a6 12. Nc3 h6 13. Bf4 O-O 14. Rac1 Na5 15. Qa4 Nc6 16. Ne5 Na7 17. Rfd1 c6 18. Qb3 Bd6 19. f3 Nb5 20. Nxb5 axb5 21. Re1 Ra8 22. a3 Ra4 23. e4 Be6 24. Nxc6 bxc6 25. Bxd6 dxe4 26. Qxa4 bxa4 27. Bxf8 Qxd4+ 0-1


[Site "https://www.chess.com"]

[Event "Titled Tuesday Blitz November 15 Early 2022"]
[White "Guimaraes, Wagner Peixoto"]
[Black "Ardila, Oscar Humberto"]
[WhiteFideId "2100940"]
[BlackFideId "4404742"]
[WhiteElo "2231"]
[BlackElo "1959"]
[Result "1/2-1/2"]
[Round "06"]
[TimeControl "180+1"]
[Date "2022.11.16"]
[WhiteClock "0:00:08"]
[BlackClock "0:00:13"]

1. d4 Nf6 2. c4 e6 3. Nc3 Bb4 4. Qc2 O-O 5. Nf3 c5 6. dxc5 Na6 7. g3 Nxc5 8. Bg2 d5 9. cxd5 Nxd5 10. Bd2 Nxc3 11. Bxc3 Qa5 12. O-O Bxc3 13. bxc3 Bd7 14. Nd4 Ba4 15. Qb2 Rab8 16. Qb4 Qxb4 17. cxb4 Na6 18. a3 Nc7 19. Rfc1 Nb5 20. Nf3 Rbc8 21. Ne5 b6 22. Bb7 Rxc1+ 23. Rxc1 f6 24. Nd3 Nd4 25. Kf1 Bb5 26. Rc7 a5 27. bxa5 bxa5 28. Ke1 Bxd3 29. exd3 Rb8 30. Kd2 e5 31. f4 h5 32. fxe5 fxe5 33. Ke3 h4 34. Ke4 hxg3 35. hxg3 Re8 36. Rc8 Rxc8 37. Bxc8 Nc2 38. a4 Kf7 39. Kxe5 Ke7 40. d4 Ne3 41. Ba6 Ng4+ 42. Kd5 Kd7 43. Kc5 Nf6 44. Kb6 Ne4 45. g4 Nf6 46. Bb5+ Kd6 47. g5 Ne4 48. Kxa5 Nxg5 49. Kb6 Ne6 50. d5 Nc7 51. a5 Nxd5+ 52. Kb7 Nc7 53. Bf1 g5 54. a6 g4 55. a7 g3 56. Bg2 Kd7 57. Kb8 Kd8 58. a8=Q Nxa8 59. Kxa8 Ke7 60. Kb7 Kd6 61. Kb6 Ke5 62. Kc5 Kf4 63. Kd4 Kg4 64. Ke4 Kh4 65. Kf4 Kh5 66. Kxg3 1/2-1/2


[Site "https://www.chess.com"]

[Event "Titled Tuesday Blitz November 15 Early 2022"]
[White "Gurevich, Dmitry"]
[Black "Harshavardhan G B"]
[WhiteFideId "2000407"]
[BlackFideId "25059009"]
[WhiteElo "2506"]
[BlackElo "2333"]
[Result "0-1"]
[Round "06"]
[TimeControl "180+1"]
[Date "2022.11.16"]
[WhiteClock "0:00:14"]
[BlackClock "0:00:35"]

1. d4 d5 2. c4 c6 3. Nf3 Nf6 4. Nc3 e6 5. e3 Nbd7 6. Qc2 Bd6 7. b3 O-O 8. Be2 b6 9. O-O Bb7 10. Bb2 Rc8 11. Rac1 c5 12. Rfd1 Qe7 13. cxd5 Nxd5 14. Nxd5 Bxd5 15. Qb1 cxd4 16. Bxd4 Rxc1 17. Rxc1 Nf6 18. Qa1 Rd8 19. Ne5 Qb7 20. Bf1 Rc8 21. Rxc8+ Qxc8 22. Nc4 Be7 23. Ne5 Ne8 24. Nd3 f6 25. Nf4 Bc6 26. Bc4 Bd7 27. a4 Nd6 28. Bf1 Kf8 29. Qb1 e5 30. Qxh7 exf4 31. Qh8+ Kf7 32. Qh5+ Kg8 33. exf4 Bf5 34. g4 Bxg4 0-1


[Site "https://www.chess.com"]

[Event "Titled Tuesday Blitz November 15 Early 2022"]
[White "Gurvich, Vitaly"]
[Black "Osinovsky, Stepan"]
[WhiteFideId "24164852"]
[BlackFideId "4157354"]
[WhiteElo "2342"]
[BlackElo "2222"]
[Result "1-0"]
[Round "06"]
[TimeControl "180+1"]
[Date "2022.11.16"]
[WhiteClock "0:00:56"]
[BlackClock "0:00:01"]

1. e4 e5 2. Nf3 Nc6 3. Nc3 Nf6 4. h3 h6 5. d4 exd4 6. Nxd4 Bb4 7. Nxc6 bxc6 8. Bd3 O-O 9. O-O Re8 10. Qf3 d5 11. exd5 cxd5 12. Bf4 Be6 13. Rad1 Rb8 14. Nb5 Rb7 15. c4 dxc4 16. Bh7+ Kxh7 17. Rxd8 Rxd8 18. Nxc7 Rb6 19. Be5 Nd5 20. Nxe6 Rxe6 21. Bd4 a5 22. Qxf7 Re7 23. Qf5+ Kh8 24. g3 Rd6 25. Qc8+ Kh7 26. Qxc4 Nf6 27. Be3 Re4 28. Qc2 1-0


[Site "https://www.chess.com"]

[Event "Titled Tuesday Blitz November 15 Early 2022"]
[White "Guzman, Christopher"]
[Black "Rosenberg, Evan S"]
[WhiteFideId "6405096"]
[BlackFideId "2019299"]
[WhiteElo "2272"]
[BlackElo "2385"]
[Result "0-1"]
[Round "06"]
[TimeControl "180+1"]
[Date "2022.11.16"]
[WhiteClock "0:01:27"]
[BlackClock "0:00:05"]

1. e4 e5 2. Nf3 Nc6 3. Bb5 Nf6 4. d3 Ne7 5. Bc4 c6 6. O-O Ng6 7. Re1 Be7 8. Nc3 O-O 9. Bb3 d6 10. d4 Bg4 11. Be3 b5 12. a4 b4 13. Na2 a5 14. h3 Bh5 15. Bg5 Bxf3 16. gxf3 Nh5 17. Be3 Nhf4 18. dxe5 dxe5 19. Qxd8 Raxd8 20. Kh2 Bg5 21. Rad1 Nh4 22. Kg3 Nhg2 23. Rg1 Nxe3 24. Rxd8 Rxd8 25. fxe3 Ne2+ 26. Kg4 Nxg1 27. Kxg5 Nxf3+ 28. Kf5 Rd6 29. Nc1 g6+ 30. Kg4 Nd2 31. Kg3 Nxe4+ 32. Kf3 Nd2+ 33. Ke2 Nxb3 34. Nxb3 Rd5 35. e4 Rd6 36. Nxa5 f5 37. Ke3 f4+ 38. Ke2 Rd4 39. Nxc6 Rxe4+ 40. Kd2 Re3 41. a5 Rxh3 42. a6 Rh1 43. c3 bxc3+ 44. Kxc3 Ra1 45. Nb4 f3 46. Kb3 Rxa6 47. Na2 Rxa2 48. Kxa2 f2 0-1


[Site "https://www.chess.com"]

[Event "Titled Tuesday Blitz November 15 Early 2022"]
[White "Hartikainen, Jarmo"]
[Black "Kaplan, Avi Harrison"]
[WhiteFideId "503134"]
[BlackFideId "30934559"]
[WhiteElo "2180"]
[BlackElo "1983"]
[Result "0-1"]
[Round "06"]
[TimeControl "180+1"]
[Date "2022.11.16"]
[WhiteClock "0:00:01"]
[BlackClock "0:00:10"]

1. e4 c5 2. c3 Nf6 3. e5 Nd5 4. d4 cxd4 5. Nf3 d6 6. cxd4 Nc6 7. Nc3 dxe5 8. dxe5 Nxc3 9. Qxd8+ Nxd8 10. bxc3 Bg4 11. Be2 Nc6 12. Be3 O-O-O 13. Rb1 e6 14. O-O Nxe5 15. Bxa7 Nxf3+ 16. gxf3 Bf5 17. Rbd1 Bd6 18. c4 Bc7 19. c5 Bc2 20. Rxd8+ Rxd8 21. c6 bxc6 22. Ba6+ Kd7 23. Rc1 Ba4 24. Bc5 Bd6 25. Bxd6 Kxd6 26. Bc4 Rb8 27. Kg2 Rb2 28. Kg3 f6 29. Rc3 e5 30. a3 Bb5 31. Bg8 h6 32. Rc1 Rd2 33. Rc3 Rd3 34. Rxd3+ Bxd3 35. f4 exf4+ 36. Kxf4 Kc5 37. Ke3 Bc4 38. Bh7 Kb5 39. Bc2 Bd5 40. Kd4 Bg2 41. h4 c5+ 42. Kd3 Bf1+ 43. Kc3 Bg2 44. f4 Bd5 45. Bd1 Be6 46. Bc2 Bd7 47. Bd1 g6 48. Bc2 f5 49. Bd1 Be8 50. Bc2 Kc6 51. Bd1 Kd5 52. Bf3+ Kd6 53. Kc4 Bc6 54. Bxc6 Kxc6 55. a4 Kd6 56. a5 g5 57. a6 Kc6 58. fxg5 hxg5 59. hxg5 f4 60. g6 f3 61. Kd3 c4+ 62. Ke3 c3 0-1


[Site "https://www.chess.com"]

[Event "Titled Tuesday Blitz November 15 Early 2022"]
[White "Ibadov, Dashgyn"]
[Black "Hoffmann, Asa"]
[WhiteFideId "24107514"]
[BlackFideId "2001470"]
[WhiteElo "2208"]
[BlackElo "2117"]
[Result "1-0"]
[Round "06"]
[TimeControl "180+1"]
[Date "2022.11.16"]
[WhiteClock "0:01:13"]
[BlackClock "0:01:09"]

1. d4 Nf6 2. c4 c5 3. d5 e5 4. Nc3 d6 5. e4 Be7 6. Bd3 Nbd7 7. Nge2 Nf8 8. O-O Ng6 9. Ng3 O-O 10. Nf5 Bxf5 11. exf5 Nf4 12. Bxf4 exf4 13. Qf3 Nd7 14. Qxf4 Ne5 15. Qd2 a6 16. f4 Nxd3 17. Qxd3 Bf6 18. Kh1 Re8 19. Rae1 Qa5 20. Ne4 Bxb2 21. f6 g6 22. Qh3 Rxe4 23. Rxe4 Bxf6 24. Qd7 Qxa2 25. Qxd6 Kg7 26. f5 g5 27. Qxc5 b5 28. cxb5 axb5 29. Qxb5 Ra5 30. Qb4 Rxd5 31. Re8 Qc2 32. Qf8# 1-0


[Site "https://www.chess.com"]

[Event "Titled Tuesday Blitz November 15 Early 2022"]
[White "Ilkhomi, Jaloliddin"]
[Black "Gubajdullin, Alexei"]
[WhiteFideId "14700948"]
[BlackFideId "4141202"]
[WhiteElo "2045"]
[BlackElo "2230"]
[Result "1/2-1/2"]
[Round "06"]
[TimeControl "180+1"]
[Date "2022.11.16"]
[WhiteClock "0:00:07"]
[BlackClock "0:00:15"]

1. d4 Nf6 2. Nf3 g6 3. Bg5 Bg7 4. c3 O-O 5. Nbd2 d6 6. e4 Nc6 7. Bc4 e5 8. dxe5 Nxe5 9. Nxe5 dxe5 10. O-O Qe7 11. Nf3 h6 12. Bxf6 Bxf6 13. h3 a5 14. Qe2 Kg7 15. Rfd1 c6 16. a4 Rd8 17. Rxd8 Qxd8 18. Rd1 Qe7 19. Nd2 Bd7 20. Nf1 Be8 21. Ne3 Rd8 22. Qg4 Rxd1+ 23. Qxd1 Qd8 24. Qg4 h5 25. Qe2 Be7 26. Kh2 Bc5 27. Qf3 Qf6 28. Qxf6+ Kxf6 29. Kg3 Ke7 30. Kf3 h4 31. Bb3 Bd7 32. Nc4 f6 33. Nxa5 Bc8 34. Nc4 Ba7 35. Ne3 f5 36. Bc2 Kf6 37. Ke2 Be6 38. b4 Kg5 39. a5 Kf4 40. exf5 gxf5 41. Bd3 e4 42. Bc4 Bc8 43. b5 cxb5 44. Bxb5 Ke5 45. c4 f4 46. Nd5 f3+ 47. gxf3 exf3+ 48. Kxf3 Bxh3 49. Ne3 Be6 50. a6 b6 51. Ng4+ Kd4 52. Nh2 Bb8 53. Kg2 h3+ 54. Kg1 Bxc4 55. Bxc4 Kxc4 56. Nf3 b5 57. Ne5+ Kd5 58. Nd7 Ba7 59. Nf6+ Kd4 60. Ne8 b4 61. Nd6 Kd5 62. Nb5 Bc5 63. a7 Bxa7 64. Nxa7 b3 65. Nb5 b2 66. Nc3+ Kc4 67. Nb1 Kd3 68. Kh2 Kc2 69. Na3+ Kb3 70. Nb1 Kc2 71. Na3+ Kb3 72. Nb1 Kc2 1/2-1/2


[Site "https://www.chess.com"]

[Event "Titled Tuesday Blitz November 15 Early 2022"]
[White "Indjic, Aleksandar"]
[Black "Samunenkov, Ihor"]
[WhiteFideId "911925"]
[BlackFideId "14187086"]
[WhiteElo "2592"]
[BlackElo "2441"]
[Result "1-0"]
[Round "06"]
[TimeControl "180+1"]
[Date "2022.11.15"]
[WhiteClock "0:02:10"]
[BlackClock "0:01:46"]

1. d4 d5 2. c4 e6 3. Nf3 a6 4. cxd5 exd5 5. Nc3 c6 6. e4 dxe4 7. Ng5 Be7 8. Bc4 Nh6 9. Ngxe4 Nf5 10. d5 b5 11. Bb3 O-O 12. Bf4 Re8 13. O-O Ra7 14. Bxb8 1-0


[Site "https://www.chess.com"]

[Event "Titled Tuesday Blitz November 15 Early 2022"]
[White "Injac, Teodora"]
[Black "Sanchez Enriquez, Oscar Gerardo"]
[WhiteFideId "932400"]
[BlackFideId "5106311"]
[WhiteElo "2286"]
[BlackElo "2375"]
[Result "1-0"]
[Round "06"]
[TimeControl "180+1"]
[Date "2022.11.16"]
[WhiteClock "0:00:08"]
[BlackClock "0:00:25"]

1. d4 d6 2. Nf3 Bg4 3. c4 Nd7 4. Nc3 e5 5. e3 Ngf6 6. h3 Bh5 7. Be2 c6 8. b3 Qc7 9. Bb2 Be7 10. Rc1 a6 11. O-O O-O 12. Nh4 Bg6 13. Nxg6 hxg6 14. Bf3 Rfe8 15. Ne4 Rad8 16. Ng5 Bf8 17. h4 Be7 18. g3 Qa5 19. a4 Bf8 20. Bc3 Qc7 21. a5 Nh7 22. Nxh7 Kxh7 23. h5 gxh5 24. Be4+ g6 25. Qxh5+ Kg7 26. Qf3 Be7 27. Kg2 Bf6 28. Rh1 Rh8 29. g4 Rde8 30. Bb1 Qd8 31. b4 Qe7 32. Qe4 exd4 33. Qxe7 Rxe7 34. exd4 Bg5 35. Rxh8 Kxh8 36. Re1 Rxe1 37. Bxe1 Nf6 38. Kf3 d5 39. Ba2 Bc1 40. g5 Bxg5 41. cxd5 Nxd5 42. Ke4 Nf6+ 43. Ke5 Kg7 44. Kd6 Ne8+ 45. Kd7 Kf8 46. f3 Bf4 47. b5 cxb5 48. Bb4+ Bd6 49. Bxd6+ Nxd6 50. Kxd6 f5 51. Kc7 b4 52. Kxb7 g5 53. Kxa6 g4 54. fxg4 fxg4 55. Kb5 g3 56. a6 g2 57. a7 g1=Q 58. a8=Q+ Kg7 59. Qb7+ Kf6 60. Qc6+ Ke7 61. Qc5+ Kd8 62. Qxb4 Qg5+ 63. Qc5 Qd2 64. Bc4 Qb2+ 65. Kc6 Qb8 66. Qd6+ 1-0


[Site "https://www.chess.com"]

[Event "Titled Tuesday Blitz November 15 Early 2022"]
[White "Itgelt, Khuyagtsogt"]
[Black "Stankovic, Ivan G"]
[WhiteFideId "4902912"]
[BlackFideId "902837"]
[WhiteElo "2129"]
[BlackElo "2226"]
[Result "1-0"]
[Round "06"]
[TimeControl "180+1"]
[Date "2022.11.16"]
[WhiteClock "0:00:10"]
[BlackClock "0:00:21"]

1. d4 d5 2. Nf3 Nf6 3. c4 c6 4. g3 g6 5. Nbd2 Bg7 6. Bg2 O-O 7. Kf1 Nbd7 8. b3 c5 9. Bb2 cxd4 10. Bxd4 Re8 11. cxd5 Nxd5 12. Bxg7 Kxg7 13. Nc4 N7f6 14. Qd4 Nb4 15. Qc3 Nc6 16. h3 Be6 17. Ng5 Bxc4 18. bxc4 Rc8 19. c5 e5 20. Bf3 b6 21. e3 bxc5 22. Kg2 h6 23. Ne4 Nxe4 24. Bxe4 Qa5 25. Qc2 f5 26. Bxc6 Rxc6 27. Rhd1 Rd8 28. Rxd8 Qxd8 29. Rd1 Rd6 30. Rb1 Qc7 31. Qc4 Rb6 32. Rd1 Rd6 33. Rb1 Qc6+ 34. Kg1 Rd2 35. Qc3 Qd5 36. Re1 c4 37. e4 fxe4 38. Qe3 Rd4 39. Qa3 Qd7 40. Qc5 Rd1 41. Qxe5+ Kh7 42. Qxe4 Rxe1+ 43. Qxe1 c3 44. Qxc3 Qd1+ 45. Kh2 Qd5 46. Qc7+ Kg8 47. Qc2 a5 48. Qb3 Qxb3 49. axb3 Kf7 50. f4 Ke6 51. g4 Kd5 52. Kg3 Ke4 53. h4 Kd5 54. Kf3 Kd4 55. h5 gxh5 56. gxh5 Kd5 57. Kg4 Ke6 58. Kf3 Kd5 59. Ke3 Kc5 60. Ke4 Kb4 61. f5 Kxb3 62. f6 a4 63. f7 a3 64. f8=Q a2 65. Qf7+ Kc2 66. Qxa2+ 1-0


[Site "https://www.chess.com"]

[Event "Titled Tuesday Blitz November 15 Early 2022"]
[White "Janaszak, Dawid"]
[Black "Jumabayev, Rinat"]
[WhiteFideId "1119206"]
[BlackFideId "13702661"]
[WhiteElo "2226"]
[BlackElo "2561"]
[Result "1/2-1/2"]
[Round "06"]
[TimeControl "180+1"]
[Date "2022.11.15"]
[WhiteClock "0:00:09"]
[BlackClock "0:00:05"]

1. e4 c5 2. Nc3 e6 3. f4 d5 4. Nf3 dxe4 5. Nxe4 Nc6 6. Bb5 Bd7 7. Qe2 Be7 8. O-O Nh6 9. b3 Qc7 10. Bb2 O-O 11. Rae1 Rad8 12. d3 Nd4 13. Nxd4 cxd4 14. Bxd7 Rxd7 15. g4 f5 16. Ng5 Bxg5 17. Qxe6+ Kh8 18. fxg5 Nxg4 19. Re2 Ne3 20. Ba3 Rfd8 21. Rxf5 Qc6 22. Qxc6 bxc6 23. Rc5 Rd5 24. Rxd5 Rxd5 25. h4 Rf5 26. Bb2 c5 27. c3 Rf1+ 28. Kh2 Rf4 29. Kg3 Rg4+ 30. Kh3 Rf4 31. cxd4 cxd4 32. Bxd4 Rxd4 33. Rxe3 Kg8 34. Kg3 Kf7 35. h5 h6 36. gxh6 gxh6 37. Rf3+ Ke6 38. Kf2 Rh4 39. Rg3 Rxh5 40. Kf3 Ra5 41. a4 Kf5 42. Rg7 Rd5 43. Ke3 Rd6 44. Rxa7 Re6+ 45. Kd2 h5 46. a5 h4 47. Rh7 Kg4 48. b4 Kg3 49. b5 Re5 50. b6 Rxa5 51. b7 Rb5 52. Kc3 h3 53. Kc4 Rb1 54. Kc5 h2 55. Kc6 Rc1+ 56. Kb6 Rb1+ 57. Kc7 Rc1+ 58. Kd8 Rb1 59. Kc8 Rc1+ 60. Rc7 Rxc7+ 61. Kxc7 h1=Q 62. b8=Q Qd5 63. Qd8 Qa5+ 64. Kd7 Qd5+ 65. Ke8 Qg8+ 66. Kd7 Qd5+ 67. Kc8 Qa8+ 68. Kd7 Qd5+ 1/2-1/2


[Site "https://www.chess.com"]

[Event "Titled Tuesday Blitz November 15 Early 2022"]
[White "Jarmula, Lukasz"]
[Black "Ibarra Jerez, Jose Carlos"]
[WhiteFideId "1160664"]
[BlackFideId "2226332"]
[WhiteElo "2357"]
[BlackElo "2638"]
[Result "1/2-1/2"]
[Round "06"]
[TimeControl "180+1"]
[Date "2022.11.15"]
[WhiteClock "0:00:14"]
[BlackClock "0:00:09"]

1. b3 e5 2. Bb2 Nc6 3. e3 d5 4. Bb5 Ne7 5. d3 a6 6. Bxc6+ Nxc6 7. Nd2 Bc5 8. Ngf3 d4 9. exd4 exd4 10. O-O O-O 11. h3 f5 12. a3 g5 13. b4 Ba7 14. Re1 g4 15. Ne5 Nxe5 16. Rxe5 Qf6 17. f4 Qh6 18. Qf1 Bd7 19. Qf2 gxh3 20. Nf3 Qxf4 21. Bxd4 Bxd4 22. Qxd4 Qxd4+ 23. Nxd4 hxg2 24. Kxg2 Rae8 25. Rae1 Rxe5 26. Rxe5 Kg7 27. Kf3 f4 28. Re7+ Rf7 29. Rxf7+ Kxf7 30. Kxf4 Kf6 31. Nf3 h5 32. c4 Bf5 33. d4 Bd3 34. Ne5 Bf1 35. d5 h4 36. Ng4+ Kg6 37. Ne3 Be2 38. c5 Kf6 39. a4 h3 40. Kg3 Ke5 41. Kxh3 Bf3 42. d6 cxd6 43. Nc4+ Kd4 44. cxd6 Bc6 45. Nb6 Kc3 46. Nd5+ Kb3 47. Nb6 Kxb4 48. d7 Bxd7+ 49. Nxd7 Kxa4 50. Nc5+ Kb5 51. Nxb7 Kb6 52. Nd6 Kc5 53. Nb7+ Kc6 54. Na5+ Kb5 55. Nb7 Kb6 56. Nd6 Kc7 57. Nc4 Kc6 58. Kg4 Kd5 59. Na5 Kc5 60. Kf4 Kb4 61. Nb7 a5 62. Nxa5 1/2-1/2


[Site "https://www.chess.com"]

[Event "Titled Tuesday Blitz November 15 Early 2022"]
[White "Jobava, Baadur"]
[Black "Fernandez Guillen, Ernesto J."]
[WhiteFideId "13601520"]
[BlackFideId "3512428"]
[WhiteElo "2582"]
[BlackElo "2450"]
[Result "1-0"]
[Round "06"]
[TimeControl "180+1"]
[Date "2022.11.15"]
[WhiteClock "0:00:29"]
[BlackClock "0:00:03"]

1. e4 e5 2. Nf3 Nc6 3. d4 exd4 4. Nxd4 g6 5. Nxc6 bxc6 6. Qd4 Qf6 7. Qxf6 Nxf6 8. Bd3 Bg7 9. O-O O-O 10. Re1 Re8 11. Nc3 Rb8 12. Rb1 Nd5 13. Nxd5 cxd5 14. Bf4 Rxb2 15. exd5 Rxe1+ 16. Rxe1 Kf8 17. Bxc7 Bc3 18. Bd6+ Kg7 19. g4 Bb7 20. Re8 Bxd5 21. h4 h6 22. Bf8+ Kh7 23. h5 Rxa2 24. hxg6+ fxg6 25. Kh2 Ra1 26. Kg3 Rg1+ 27. Kh2 Rh1+ 28. Kg3 Rg1+ 29. Kh3 h5 30. gxh5 Rh1+ 31. Kg3 Rxh5 32. Bd6 Be6 33. Re7+ Kg8 34. f4 Rh3+ 35. Kg2 Rh6 36. Re8+ Kf7 37. Rf8+ Kg7 38. Rc8 a5 39. Rxc3 Bd5+ 40. Kg3 Be6 41. Be5+ Kf7 42. Ra3 a4 43. Rxa4 Rh3+ 44. Kg2 Re3 45. Ra7 g5 46. Bd4 Re1 47. f5 1-0


[Site "https://www.chess.com"]

[Event "Titled Tuesday Blitz November 15 Early 2022"]
[White "Kaminski, Victor"]
[Black "Lehtosaari, Mauri"]
[WhiteFideId "1131630"]
[BlackFideId "501999"]
[WhiteElo "2181"]
[BlackElo "2500"]
[Result "1-0"]
[Round "06"]
[TimeControl "180+1"]
[Date "2022.11.16"]
[WhiteClock "0:00:19"]
[BlackClock "0:00:14"]

1. d4 d5 2. c4 c6 3. Nf3 Nf6 4. g3 Bf5 5. Nc3 e6 6. Nh4 Be4 7. f3 Bg6 8. Nxg6 hxg6 9. Qb3 Qb6 10. c5 Qc7 11. Bf4 Qc8 12. Rc1 Nh5 13. Bg2 Nxf4 14. gxf4 Be7 15. e3 Qc7 16. Kd2 Nd7 17. Kc2 b6 18. cxb6 axb6 19. Kb1 Qa7 20. e4 O-O 21. h4 b5 22. h5 Qxd4 23. hxg6 fxg6 24. Ne2 Qf2 25. Bh3 Rf6 26. e5 Rf5 27. Bxf5 gxf5 28. Rxc6 Qxe2 29. Rxe6 Nc5 30. Qxd5 Rd8 31. Rd6+ Kf8 32. Rh8# 1-0


[Site "https://www.chess.com"]

[Event "Titled Tuesday Blitz November 15 Early 2022"]
[White "Khamdamova, Afruza"]
[Black "Fajdetic, Hrvoje"]
[WhiteFideId "14210444"]
[BlackFideId "14501945"]
[WhiteElo "2018"]
[BlackElo "2172"]
[Result "1-0"]
[Round "06"]
[TimeControl "180+1"]
[Date "2022.11.16"]
[WhiteClock "0:00:15"]
[BlackClock "0:00:41"]

1. e4 c5 2. Nf3 a6 3. c4 Nc6 4. d4 cxd4 5. Nxd4 g6 6. Nc3 Bg7 7. Be3 d6 8. Be2 Nf6 9. O-O O-O 10. Rc1 Nxd4 11. Bxd4 Be6 12. b4 Rc8 13. Qb3 b5 14. Nd5 bxc4 15. Bxc4 Nxe4 16. Bxg7 Kxg7 17. Qb2+ Nf6 18. Nxf6 exf6 19. Bxa6 Rxc1 20. Rxc1 Qb6 21. Bf1 Rb8 22. a3 d5 23. Rd1 g5 24. Rd3 h6 25. g3 Kg6 26. Bg2 Qd6 27. Qd2 Rd8 28. Rd4 Qe5 29. h3 Ra8 30. Qd3+ Kg7 31. Bxd5 Bxd5 32. Rxd5 Qa1+ 33. Kg2 Rxa3 34. Qe4 Rb3 35. Rd7 Rb1 36. Qd5 Rh1 37. Qxf7+ 1-0


[Site "https://www.chess.com"]

[Event "Titled Tuesday Blitz November 15 Early 2022"]
[White "Kirillov, Dmitry"]
[Black "Gurel, Ediz"]
[WhiteFideId "34180572"]
[BlackFideId "44507356"]
[WhiteElo "2095"]
[BlackElo "2345"]
[Result "1-0"]
[Round "06"]
[TimeControl "180+1"]
[Date "2022.11.16"]
[WhiteClock "0:00:48"]
[BlackClock "0:00:01"]

1. e4 e5 2. Nf3 d6 3. Bc4 Nc6 4. d4 exd4 5. c3 Bg4 6. Qb3 Qd7 7. Bxf7+ Qxf7 8. Qxb7 Kd7 9. Qxa8 Bxf3 10. gxf3 Qxf3 11. O-O Qg4+ 12. Kh1 Qf3+ 13. Kg1 dxc3 14. Nxc3 Nf6 15. e5 Qg4+ 16. Kh1 dxe5 17. Rd1+ Nd4 18. Be3 Bd6 19. Qxh8 Qf3+ 20. Kg1 Nf5 21. Rxd6+ cxd6 22. Qb8 Nh4 23. Qxa7+ Ke6 24. Qxg7 Ng4 25. Qg8+ Kd7 26. Qxh7+ Ke6 27. Qxh4 Nxe3 28. fxe3 Qxe3+ 29. Qf2 Qg5+ 30. Kh1 Qh5 31. Rg1 Qh3 32. Rg6+ Kd7 33. Qg2 Qh7 34. Rg7+ 1-0


[Site "https://www.chess.com"]

[Event "Titled Tuesday Blitz November 15 Early 2022"]
[White "Kopacz, Grzegorz"]
[Black "Rostomyan, Mikayel"]
[WhiteFideId "1109880"]
[BlackFideId "13313754"]
[WhiteElo "2037"]
[BlackElo "2009"]
[Result "0-1"]
[Round "06"]
[TimeControl "180+1"]
[Date "2022.11.16"]
[WhiteClock "0:00:18"]
[BlackClock "0:00:19"]

1. d4 d5 2. c4 e5 3. dxe5 Ne7 4. cxd5 Qxd5 5. Qxd5 Nxd5 6. Nc3 Nb4 7. Kd1 N8c6 8. a3 Na6 9. f4 Nc5 10. b4 Nb3 11. Rb1 Be6 12. e4 O-O-O+ 13. Ke1 g6 14. Nf3 Nxc1 15. Rxc1 a5 16. b5 Nd4 17. Nxd4 Rxd4 18. b6 Bxa3 19. Rd1 Bb4 20. Rc1 Rxe4+ 21. Kf2 Rxf4+ 22. Ke3 g5 23. bxc7 Rf5 24. Nb5 Rxe5+ 25. Kf3 Bd5+ 26. Kf2 Bc6 27. Na7+ Kxc7 28. Nxc6 bxc6 29. Be2 Bc5+ 30. Kg3 Bd6 31. Bf3 c5 32. Ra1 h5 33. Kf2 g4 34. Be2 Rf5+ 35. Ke1 c4 36. Bxc4 Re8+ 37. Kd1 Bb4 38. h3 g3 39. Rc1 Kb6 40. Rc2 Rf2 41. Rxf2 gxf2 42. Rf1 Be1 43. Bxf7 Rd8+ 44. Ke2 h4 45. Bb3 Kb5 46. Ke3 Kb4 47. Be6 Re8 0-1


[Site "https://www.chess.com"]